 Dungeon Crawl Stone Soup version 0.23.2-33-g5129a83184 (webtiles) character file.

Game seed: 15297778340129365068

2128 psyvane the Tainter (level 9, 0/51 HPs)
             Began as an Octopode Venom Mage on July 14, 2019.
             Was a Follower of Ashenzari.
             Succumbed to a killer bee's poison
             ... on level 6 of the Dungeon.
             The game lasted 00:31:52 (9290 turns).

psyvane the Tainter (Octopode Venom Mage)           Turns: 9290, Time: 00:31:52

Health: 0/51       AC:  1    Str:  8    XL:     9   Next: 29%
Magic:  1/14       EV: 13    Int: 18    God:    Ashenzari [*.....]
Gold:   369        SH:  0    Dex: 14    Spells: 1/12 levels left

rFire    + . .     SeeInvis .   r - +1 dagger (vamp) (curse)
rCold    + . .     Gourm    .   (no shield)
rNeg     . . .     Faith    .   (helmet restricted)
rPois    +         Spirit   .   (no amulet)
rElec    +         Reflect  .   (no ring)
rCorr    +         Harm     .   (no ring)
MR       .....                  (no ring)
Stlth    +++.......             (no ring)
HPRegen  0.17/turn              (no ring)
MPRegen  0.14/turn              (no ring)
                                (no ring)
                                (no ring)

@: lethally poisoned (0 -> -4), resistant, very slightly contaminated
A: almost no armour, stealthy swim, amphibious, 8 rings, constrict 8, camouflage
1, gelatinous body 1
a: Curse Item, Scrying, Renounce Religion


You were on level 6 of the Dungeon.
You worshipped Ashenzari.
Ashenzari was aware of your devotion.
You were hungry.

You visited 1 branch of the dungeon, and saw 7 of its levels.

You collected 369 gold pieces.

Inventory:

Hand Weapons
 g - a +0 dagger
 r - a cursed +1 vampiric dagger (weapon)
Armour
 p - a +0 buckler
Jewellery
 l - an uncursed amulet of guardian spirit
Wands
 e - a wand of enslavement (6)
 n - a wand of iceblast (16)
 o - a wand of acid (3)
Scrolls
 a - 2 scrolls of fear
 d - 7 scrolls of remove curse
 h - a scroll of enchant weapon {unknown}
 i - 2 scrolls of teleportation
 j - a scroll of blinking
 m - 3 scrolls of enchant armour {unknown}
Potions
 f - a potion of resistance
 k - 2 potions of curing
 q - a potion of agility {unknown}
 t - a potion of invisibility {unknown}
Comestibles
 b - 3 rations
 s - 3 chunks of flesh


   Skills:
 - Level 1.0 Short Blades
 - Level 2.0 Dodging
 - Level 2.6 Stealth
 * Level 2.1 Shields
 - Level 2.0 Spellcasting
 - Level 4.8 Conjurations
 - Level 10.5 Poison Magic
 - Level 7.1 Evocations


You had one spell level left.
You knew the following spells:

 Your Spells              Type           Power        Failure   Level  Hunger
a - Sting                 Conj/Pois      ####         1%          1    #......
b - Poisonous Vapours     Pois/Air       ###...       3%          2    ###....
c - Mephitic Cloud        Conj/Pois/Air  ###.....     7%          3    ###....
d - Venom Bolt            Conj/Pois      ####......   22%         5    ######.

Your spell library contained the following spells:

 Spells                   Type           Power        Failure   Level  Hunger
 Beastly Appendage        Tmut           #.....       19%         1    #......
 Olgreb's Toxic Radiance  Pois           #####...     2%          4    #####..
 Spider Form              Tmut/Pois      ###.......   6%          3    ###....
 Sticks to Snakes         Tmut           #.......     26%         2    ###....
 Ice Form                 Ice/Tmut       #.......     87%         4    #####..
 Blade Hands              Tmut           #.........   99%         5    ######.


Dungeon Overview and Level Annotations

Branches:
Dungeon (7/15)             Temple (0/1) D:4

Altars:
Ashenzari
Cheibriados
Hepliaklqana
Makhleb
Qazlal
Sif Muna
Trog
Xom
Zin


Innate Abilities, Weirdness & Mutations

You cannot wear most types of armour.
You are very stealthy in the water. (Stealth+)
You are amphibious.
You can wear up to eight rings at the same time.
You can use your tentacles to constrict eight enemies at once.
Your skin changes colour to match your surroundings (Stealth+).
Your rubbery body absorbs attacks. (AC +1, EV +1)


Message History

You are more poisoned.
The killer bee poisons you! The killer bee stings you.
You are more poisoned.
The killer bee poisons you!
You feel better.
You constrict the killer bee. The killer bee stings you.
The killer bee stings you!
You are poisoned.
The killer bee poisons you!
You release your grip on the killer bee.
You feel sick. The killer bee stings you.
You feel sick. The killer bee stings you!
* * * LOW HITPOINT WARNING * * *
You feel sick.
The killer bee looks more healthy.
The killer bee barely misses you. The killer bee misses you.
There is a stone staircase leading up here.
The killer bee stings you!
* * * LOW HITPOINT WARNING * * *
The killer bee barely misses you. The killer bee misses you. x2
You climb upwards.
You die...

#....#.....#..#...(..#...
#....#...............##..
###..##.........###.####.
##..##........###......
##..#.#.........#.......
#...#...............##..
#...#..............####.
##..#........##..### ##
##>..y@y....###.####
###...#....#..#.....###
#.....#)....#<.##.....#
##.........#.........##
#......##.....##....##
#.............#......#
#....#.###...........#
#...#### #...#.#....##
##### #######...##


You could see 2 killer bees.

Vanquished Creatures
  A necrophage (D:6)
  A sky beast (D:6)
  An orc warrior (D:6)
  2 phantoms (D:4)
  4 ogres
  3 bullfrogs (D:6)
  A scorpion (D:6)
  A killer bee (D:7)
  3 crimson imps
  A jelly (D:5)
  2 orc priests
  9 orc wizards
  A bullfrog skeleton (D:6)
  2 centaur skeletons (D:4)
  2 iguanas
  5 worker ants
  A howler monkey zombie (D:2)
  3 gnolls (D:4)
  6 adders
  A shadow imp (D:5)
  An ooze (D:1)
  An adder zombie (D:6)
  An adder skeleton (D:4)
  4 worms (D:2)
  A dart slug (D:1)
  A leopard gecko (D:4)
  33 orcs
  2 ball pythons (D:3)
  9 giant cockroaches
  10 goblins
  7 hobgoblins
  8 jackals
  5 kobolds
  2 quokkas
  A ball python skeleton (D:4)
  8 bats
  10 frilled lizards
  A jackal skeleton (D:4)
  13 rats
168 creatures vanquished.

Vanquished Creatures (others)
  5 dream sheep (D:4)
5 creatures vanquished.

Grand Total: 173 creatures vanquished

Notes
Turn   | Place    | Note
-------+----------+-------------------------------------------
     0 | D:1      | psyvane the Octopode Venom Mage began the quest for the
                  | Orb.
     0 | D:1      | Reached XP level 1. HP: 11/11 MP: 3/3
   400 | D:1      | Reached skill level 4 in Poison Magic
   447 | D:1      | Reached XP level 2. HP: 13/17 MP: 1/5
   458 | D:1      | Learned a level 2 spell: Poisonous Vapours
   618 | D:1      | You fall through a shaft!
   836 | D:2      | Reached XP level 3. HP: 21/21 MP: 1/6
   872 | D:2      | Reached skill level 5 in Poison Magic
   882 | D:2      | Learned a level 3 spell: Mephitic Cloud
  1315 | D:2      | You fall through a shaft!
  1344 | D:3      | Reached skill level 1 in Short Blades
  1344 | D:3      | Reached XP level 4. HP: 24/27 MP: 0/7
  1859 | D:3      | Reached XP level 5. HP: 31/31 MP: 1/8
  3236 | D:2      | Noticed a moth of wrath
  3283 | D:2      | Found a bloodstained altar of Trog.
  4161 | D:3      | Reached XP level 6. HP: 36/36 MP: 7/9
  4197 | D:3      | Found a burning altar of Makhleb.
  4197 | D:3      | Found a hazy altar of Hepliaklqana.
  4200 | D:3      | Found a shattered altar of Ashenzari.
  4231 | D:3      | Became a worshipper of Ashenzari the Shackled
  4406 | D:3      | Found a stormy altar of Qazlal.
  4409 | D:3      | Noticed a fire elemental
  4409 | D:3      | Noticed a water elemental
  4409 | D:3      | Noticed an air elemental
  5023 | D:4      | Noticed a phantom
  5026 | D:4      | Reached skill level 6 in Poison Magic
  5068 | D:4      | Killed a phantom
  5104 | D:4      | Noticed a dream sheep
  5104 | D:4      | Noticed a dream sheep
  5104 | D:4      | Noticed a dream sheep
  5104 | D:4      | Noticed a dream sheep
  5104 | D:4      | Noticed a dream sheep
  5104 | D:4      | Found a shimmering altar of Xom.
  5109 | D:4      | Killed a dream sheep
  5109 | D:4      | Killed a dream sheep
  5109 | D:4      | Reached skill level 7 in Poison Magic
  5109 | D:4      | Reached XP level 7. HP: 41/41 MP: 1/10
  5110 | D:4      | Killed a dream sheep
  5110 | D:4      | Killed a dream sheep
  5111 | D:4      | Killed a dream sheep
  5278 | D:4      | Reached skill level 1 in Evocations
  5311 | D:4      | Found a deep blue altar of Sif Muna.
  5448 | D:4      | Reached skill level 8 in Poison Magic
  5660 | D:4      | Found a staircase to the Ecumenical Temple.
  5679 | D:4      | Reached skill level 9 in Poison Magic
  5679 | D:4      | Reached XP level 8. HP: 39/46 MP: 0/11
  6382 | D:5      | Entered Level 5 of the Dungeon
  6389 | D:5      | Learned a level 5 spell: Venom Bolt
  6414 | D:5      | Reached skill level 10 in Poison Magic
  6693 | D:5      | Found a snail-covered altar of Cheibriados.
  7286 | D:5      | Reached * piety under Ashenzari
  8223 | D:6      | Reached skill level 5 in Evocations
  8310 | D:6      | Reached XP level 9. HP: 11/51 MP: 0/13
  9019 | D:6      | Found the +2 cloak of the Thief {+Fog Slay-2 SInv Stlth+}
  9081 | D:6      | Reached skill level 1 in Shields
  9108 | D:6      | Found a glowing silver altar of Zin.
  9289 | D:7      | HP: 1/51 [killer bee (7)]
  9290 | D:6      | Succumbed to a killer bee's poison

Skill      XL: |  1  2  3  4  5  6  7  8  9 |
---------------+----------------------------+-----
Poison Magic   | 4 5 7 9 10 | 10.5
Short Blades   | 1 |  1.0
Conjurations   | 2 3 4 |  4.8
Evocations     | 1 5 7 |  7.1
Shields        | 2 |  2.1
Dodging        | |  2.0
Stealth        | |  2.6
Spellcasting   | |  2.0

Action                   |  1- 3 |  4- 6 |  7- 9 || total
-------------------------+-------+-------+-------++-------
Melee: Unarmed           |    26 |       |       ||    26
       Constrict         |    16 |    19 |    31 ||    66
       Tentacles         |    11 |    12 |    38 ||    61
       Dagger            |    14 |    86 |   160 ||   260
 Cast: Sting             |    15 |    56 |    53 ||   124
       Poisonous Vapours |    13 |    38 |    51 ||   102
       Venom Bolt        |       |       |     9 ||     9
       Mephitic Cloud    |       |       |     1 ||     1
Invok: Curse Item        |       |       |     1 ||     1
Evoke: Wand              |       |    11 |    10 ||    21
  Use: Scroll            |       |     8 |     2 ||    10
       Potion            |       |       |     8 ||     8
 Stab: Sleeping          |     1 |     5 |     1 ||     7
  Eat: Chunk             |     2 |    12 |    20 ||    34
       Ration            |       |     1 |     2 ||     3
Armor: Skin              |     1 |     4 |     8 ||    13
Dodge: Dodged            |    37 |    46 |   148 ||   231
